 Dungeon Crawl Stone Soup version 0.20-a0-465-g6513c8f (webtiles) character file.

50005 Duffy the Fighter (level 14, -11/79 HPs)
             Began as a Vine Stalker Fighter on Jan 12, 2017.
             Was the Champion of Cheibriados.
             Drowned by a drowned soul (13 damage)
             ... summoned by a merfolk avatar
             ... on level 6 of the Lair of Beasts.
             The game lasted 00:19:07 (16408 turns).

Duffy the Fighter (Vine Stalker Fighter)           Turns: 16408, Time: 00:19:08

Health: -11/79     AC: 28    Str: 39    XL:     14   Next: 53%
Magic:  0/19       EV: 14    Int: 23    God:    Cheibriados [******]
Gold:   1204       SH: 17    Dex: 25    Spells: 13/13 levels left

rFire  . . .     SeeInvis .     e - +3 morningstar (protect)
rCold  . . .     Gourm    .     F - +4 chain mail
rNeg   + + .     Faith    .     T - +2 shield
rPois  +         Spirit   +     v - +0 helmet
rElec  .         Reflect  .     K - +0 cloak {+Inv}
rCorr  .         Harm     .     m - +0 pair of gloves of Mental Paralysis {+Inv rN++ MR+ Dex-4}
MR     ++...                    i - +0 pair of boots
Stlth  ..........               (no amulet)
                                E - +1 ring of evasion
                                t - ring of poison resistance

@: protection aura, mesmerised, very slow
A: fangs 3, regeneration 2, magic shield, antimagic bite, no potion heal 3, rot
immunity
a: Bend Time, Temporal Distortion, Slouch, Step From Time, Renounce Religion,
Evoke Invisibility


You were on level 6 of the Lair of Beasts.
You worshipped Cheibriados.
Cheibriados was exalted by your worship.
You were not hungry.

You visited 3 branches of the dungeon, and saw 18 of its levels.

You collected 1204 gold pieces.

Inventory:

Hand Weapons
 e - a +3 morningstar of protection (weapon)
Missiles
 w - 11 javelins
 U - 4 throwing nets (quivered)
Armour
 i - a +0 pair of boots (worn)
 m - the +0 pair of gloves of Mental Paralysis (worn) {+Inv rN++ MR+ Dex-4}
   (You found it on level 7 of the Dungeon)

   It affects your dexterity (-4).
   It greatly protects you from negative energy.
   It affects your resistance to hostile enchantments.
   It lets you turn invisible.
 v - a +0 helmet (worn)
 F - a +4 chain mail (worn)
 K - a +0 cloak of invisibility (worn)
 T - a +2 shield (worn)
Jewellery
 t - a ring of poison resistance (left hand)
 E - a +1 ring of evasion (right hand)
Wands
 c - a wand of acid (13/15)
 o - a wand of iceblast (12/15)
 p - a wand of confusion (15/48)
 u - a wand of flame (22/48)
 B - a wand of enslavement (17/24)
 G - a wand of lightning (5/15)
 L - a wand of disintegration (10/24)
 V - a wand of digging (5/24)
 Y - a wand of iceblast (8/15)
Scrolls
 b - a scroll of immolation
 h - 6 scrolls of teleportation
 k - a scroll of silence {unknown}
 l - a scroll of fear
 n - 2 scrolls of remove curse
 q - a scroll of summoning
 s - 6 scrolls of blinking
 y - 2 scrolls of magic mapping
 C - 2 scrolls of enchant weapon
 H - a scroll of noise {unknown}
 I - a scroll of fog
 M - 2 scrolls of vulnerability
 S - 3 scrolls of recharging
 X - a scroll of amnesia {unknown}
Potions
 a - 2 potions of cancellation
 d - 2 potions of might
 g - 8 potions of curing
 j - 4 potions of lignification
 z - a potion of resistance {unknown}
 A - 6 potions of flight
 D - 2 potions of agility
 O - a potion of berserk rage {unknown}
 P - 3 potions of ambrosia
 R - a potion of magic {unknown}
Comestibles
 f - 13 bread rations
 r - 3 chunks of flesh
 x - 9 meat rations
 J - 10 royal jellies
 N - 3 slices of pizza
 Q - 4 beef jerkies
 W - 9 fruits


   Skills:
 + Level 11.2 Fighting
 + Level 11.2 Maces & Flails
 + Level 10.3 Armour
 + Level 4.9 Dodging
 + Level 10.9 Shields
 + Level 6.5 Invocations


You had 13 spell levels left.
You didn't know any spells.

Dungeon Overview and Level Annotations

Branches:
Dungeon (11/15)            Temple (1/1) D:4            Lair (6/6) D:11
 Shoals (0/4) Lair:3        Snake (0/4) Lair:3
  Slime: Lair:5-6       Orc: D:9-12

Altars:
Ashenzari
Cheibriados
Dithmenos
Elyvilon
Fedhas
Gozag
Hepliaklqana
Kikubaaqudgha
Makhleb
Nemelex Xobeh
Okawaru
Qazlal
Ru
Sif Muna
Trog
Uskayaw
Vehumet
Xom
Yredelemnul
Zin
The Shining One

Shops:
D:11 (

Annotations:
Lair:5 exclusion: 3 oklob plants


Innate Abilities, Weirdness & Mutations

You have razor-sharp teeth.
You heal very quickly.
When hurt, damage is shared between your health and your magic reserves.
Your bite disrupts and absorbs the magic of your enemies.
Potions cannot restore your health.
You are immune to rotting.


Message History

The merfolk avatar chants its luring song.
The drowned soul touches you. The drowned soul drowns you!
The drowned soul touches you. The drowned soul drowns you!
You sock the merfolk avatar! Your bite misses the merfolk avatar.
The merfolk avatar is lightly wounded.
The merfolk avatar chants its luring song.
Your unstable footing causes you to fumble your attack.
You block the drowned soul's attack.
The merfolk avatar chants its luring song.
You puncture the merfolk avatar!
You bite the merfolk avatar, but do no damage.
The merfolk avatar is lightly wounded.
You block the drowned soul's attack. x2
The merfolk avatar chants its luring song.
You puncture the merfolk avatar! Your bite misses the merfolk avatar.
The merfolk avatar is moderately wounded.
You block the drowned soul's attack. The drowned soul touches you.
The drowned soul drowns you! The drowned soul touches you.
The drowned soul drowns you!
You die...

..~##~########.#######
..~##~#~~~#.~~~~~~~~8#
..~~~~~~~~#~~~~~~~~~~#
..~~~P~~~~#~~~#~P~~P~# ~
..P##~~~~~#~~~~~~~~~~#~~
..~##~.~~~.~#~::(?~p~~~~
..~~~~~~~~#~~~/~W[~~~~P8
..~~~~~~~~#~~~}~m!~~P~~8
..~##~#~~~#~~~[=@W~~~~~~
..
...##~~~P~#~P~~~~~~~~#~~
...
...~~~~~~~#~~~~~~~~~~#
...
...~~~~~~~#~~P~P~~~~~#
~~~~~...
...##P#~~~#8~~~~~~~~8#
#~...... ..~#
############ #~.#P...
..~~~ ~~~.... ..~~~
~~~... ...# #....


You could see a merfolk avatar, 2 drowned souls and a neutral human (wandering).

Vanquished Creatures
  Kirke (Lair:6)
  A dire elephant (Lair:6)
  Harold (Lair:4)
  5 hydras
  Erica (D:10)
  5 two-headed ogres
  4 death yaks (Lair:5)
  Urug (Lair:4)
  Nergalle (Lair:4)
  An unseen horror (D:11)
  The ghost of Feta the Cleaver, a novice HOFi of Qazlal (D:4)
  The ghost of Feta the Cleaver, a novice HOFi (D:5)
  An ugly thing (D:10)
  3 manticores
  A cyclops (D:11)
  Joseph (D:9)
  20 elephants
  Maurice (D:10)
  4 black mambas
  A gargoyle (D:10)
  7 spiny frogs
  4 rime drakes
  8 komodo dragons
  2 trolls
  7 blink frogs
  A slime creature (D:11)
  Grinder (D:4)
  4 polar bears
  2 hornets (Lair:6)
  8 hippogriffs
  A dream sheep (Lair:3)
  Sigmund (D:4)
  3 wyverns (Lair:6)
  A vampire (D:10)
  16 yaks
  2 spriggans (Lair:3)
  2 hogs (Lair:6)
  Eustachio (D:5)
  A vampire mosquito (D:11)
  A basilisk (Lair:2)
  2 hungry ghosts
  The ghost of dobroeutro the Cudgeler, an amateur GrFi (D:3)
  16 water moccasins
  7 porcupines
  2 sky beasts
  2 ice beasts
  3 orc warriors
  18 wolves
  2 black bears
  6 centaurs
  12 crocodiles
  A big kobold (D:11)
  11 bullfrogs
  A gnoll sergeant (D:3)
  A wyvern zombie (D:7)
  2 scorpions
  9 killer bees
  7 crimson imps
  2 bullfrog zombies
  3 howler monkeys
  A centaur zombie (D:9)
  A quasit (D:11)
  5 hounds
  4 jellies
  9 orc wizards
  2 gnoll shamans (D:3)
  2 orc priests
  Jessica (D:2)
  A centaur skeleton (D:10)
  4 iguanas
  5 worker ants
  A killer bee zombie (D:9)
  2 hound skeletons
  A worker ant zombie (D:7)
  Robin (D:1)
  42 gnolls
  14 adders
  3 shadow imps
  5 oozes (D:11)
  An adder zombie (D:9)
  An adder skeleton (D:7)
  7 worms
  6 dart slugs
  10 leopard geckos
  28 orcs
  A ball python (D:6)
  11 bats
  4 giant cockroaches
  8 hobgoblins
  25 jackals
  16 kobolds
  6 quokkas
  5 frilled lizards
  20 goblins
  A jackal zombie (D:5)
  A leopard gecko skeleton (D:4)
  A leopard gecko zombie (D:6)
  10 rats
  A plant (Lair:3)
503 creatures vanquished.

Vanquished Creatures (collateral kills)
  A bullfrog (D:7)
1 creature vanquished.

Vanquished Creatures (others)
  An orc (D:5)
  3 fungi
  10 plants
14 creatures vanquished.

Grand Total: 518 creatures vanquished

Notes
Turn   | Place    | Note
-------+----------+-------------------------------------------
     0 | D:1      | Duffy the Vine Stalker Fighter began the quest for the Orb.
     0 | D:1      | Reached XP level 1. HP: 11/11 MP: 2/2
   201 | D:1      | Reached XP level 2. HP: 16/16 MP: 3/3
   584 | D:1      | Reached XP level 3. HP: 12/20 MP: 4/4
  1578 | D:2      | Gained mutation: Your natural rate of healing is unusually fast. [Vine Stalker growth]
  1578 | D:2      | Reached XP level 4. HP: 22/24 MP: 5/5
  1687 | D:2      | Noticed Robin
  1723 | D:1      | Killed Robin
  1874 | D:2      | Reached XP level 5. HP: 24/28 MP: 6/6
  1885 | D:2      | Noticed Jessica
  1897 | D:2      | Killed Jessica
  2555 | D:3      | Reached XP level 6. HP: 33/33 MP: 7/7
  2613 | D:3      | Noticed dobroeutro's ghost (amateur GrFi)
  2777 | D:4      | Noticed Feta's ghost (novice HOFi)
  3370 | D:4      | Noticed Grinder
  3495 | D:4      | Killed Grinder
  3495 | D:4      | Reached XP level 7. HP: 28/37 MP: 6/8
  3573 | D:4      | Found a staircase to the Ecumenical Temple.
  3580 | Temple   | Entered the Ecumenical Temple
  3764 | Temple   | Became a worshipper of Cheibriados the Contemplative
  3877 | D:5      | Entered Level 5 of the Dungeon
  3911 | D:5      | Noticed Feta's ghost (novice HOFi)
  3937 | D:5      | HP: 1/37 [Feta's ghost (13)]
  4274 | D:6      | Reached * piety under Cheibriados
  4274 | D:6      | Gained mutation: You have razor-sharp teeth. [Vine Stalker growth]
  4274 | D:6      | Reached XP level 8. HP: 36/42 MP: 7/9
  4301 | D:6      | Noticed a two-headed ogre
  4313 | D:6      | Killed a two-headed ogre
  4313 | D:6      | Reached skill level 5 in Fighting
  4313 | D:6      | Reached skill level 5 in Maces & Flails
  4313 | D:6      | Reached skill level 5 in Shields
  4462 | D:6      | Reached skill level 5 in Armour
  4610 | D:6      | Found a bloodstained altar of Trog.
  5036 | D:7      | Reached XP level 9. HP: 48/48 MP: 10/10
  5073 | D:7      | Found an opulent altar of Gozag.
  5178 | D:7      | Got a pair of brightly glowing gloves
  5189 | D:7      | Identified the cursed +0 pair of gloves of Mental Paralysis {+Inv rN++ MR+ Dex-4} (You found it on level 7 of the Dungeon)
  5226 | D:7      | Reached ** piety under Cheibriados
  6153 | D:8      | Noticed a two-headed ogre
  6163 | D:8      | Killed a two-headed ogre
  6163 | D:8      | Reached XP level 10. HP: 31/53 MP: 8/11
  6172 | D:8      | Noticed a two-headed ogre
  6181 | D:8      | Killed a two-headed ogre
  6181 | D:8      | Reached *** piety under Cheibriados
  6719 | D:9      | Noticed a two-headed ogre
  6728 | D:9      | Killed a two-headed ogre
  7228 | D:9      | Noticed Joseph
  7247 | D:9      | Killed Joseph
  7436 | D:10     | Entered Level 10 of the Dungeon
  7439 | D:10     | Noticed Erica
  7459 | D:10     | Killed Erica
  7508 | D:10     | Noticed Maurice
  7522 | D:10     | Killed Maurice
  7522 | D:10     | Reached XP level 11. HP: 58/60 MP: 10/12
  7532 | D:10     | Noticed a two-headed ogre
  7532 | D:10     | Reached **** piety under Cheibriados
  7536 | D:10     | Killed a two-headed ogre
  7659 | D:10     | Noticed a red ugly thing
  7668 | D:10     | Killed a red ugly thing
  8501 | D:5      | Killed Feta's ghost
  8744 | D:5      | Noticed Eustachio
  8750 | D:5      | Killed Eustachio
  8934 | D:4      | Noticed Sigmund
  8938 | D:4      | Killed Sigmund
  9329 | D:3      | Killed dobroeutro's ghost
  9630 | D:3      | Reached ***** piety under Cheibriados
 10338 | D:3      | Reached ****** piety under Cheibriados
 10792 | D:4      | Found a staircase to the Ecumenical Temple.
 10957 | D:4      | Killed Feta's ghost
 11203 | D:11     | Noticed a manticore
 11211 | D:11     | Killed a manticore
 11263 | D:11     | Noticed a manticore
 11267 | D:11     | Killed a manticore
 11277 | D:11     | Found a staircase to the Lair.
 11291 | D:11     | Killed an unseen horror
 11291 | D:11     | Gained mutation: You heal very quickly. [Vine Stalker growth]
 11291 | D:11     | Reached XP level 12. HP: 66/66 MP: 13/13
 11498 | D:11     | Found Vufubb Huih's Weapon Shoppe.
 11700 | D:11     | Noticed a six-headed hydra
 11707 | D:11     | Killed a six-headed hydra
 11820 | Lair:1   | Entered Level 1 of the Lair of Beasts
 11982 | Lair:1   | Noticed a seven-headed hydra
 11988 | Lair:1   | Killed a seven-headed hydra
 12041 | Lair:1   | Reached skill level 1 in Invocations
 13239 | Lair:3   | Found a staircase to the Shoals.
 13313 | Lair:3   | Reached skill level 10 in Fighting
 13432 | Lair:3   | Found an iron altar of Okawaru.
 13443 | Lair:3   | Reached skill level 10 in Maces & Flails
 13446 | Lair:3   | Reached skill level 1 in Dodging
 13535 | Lair:3   | Reached skill level 10 in Shields
 13541 | Lair:3   | Reached XP level 13. HP: 72/72 MP: 16/16
 13876 | Lair:3   | Found a staircase to the Snake Pit.
 14397 | Lair:4   | Noticed Harold
 14412 | Lair:4   | Killed Harold
 14448 | Lair:4   | Reached skill level 5 in Invocations
 14577 | Lair:4   | Noticed Urug
 14593 | Lair:4   | Killed Urug
 14671 | Lair:4   | Noticed Nergalle
 14680 | Lair:4   | Killed Nergalle
 14998 | Lair:5   | HP: 3/72 [death yak (6)]
 15001 | Lair:5   | Reached skill level 10 in Armour
 15109 | Lair:5   | You fall through a shaft!
 15109 | Lair:6   | Entered Level 6 of the Lair of Beasts
 15114 | Lair:6   | Reached XP level 14. HP: 77/77 MP: 19/19
 16133 | Lair:6   | Noticed a dire elephant
 16144 | Lair:6   | Killed a dire elephant
 16257 | Lair:6   | Noticed Kirke
 16274 | Lair:6   | Killed Kirke
 16408 | Lair:6   | HP: 2/79 [drowned by a drowned soul[a merfolk avatar] (11)]
 16408 | Lair:6   | Drowned by a drowned soul

Vault maps used:
D:1:      co_arrival_random_square_maze, minmay_tromino_mix6
D:2:      st_stairs_4, uniq_jessica, uniq_robin
D:3:      lemuel_castle_with_subvaults
D:4:      first_bread, uniq_grinder, uniq_sigmund
D:5:      cheibrodos_quashed, uniq_eustachio
D:6:      trog_three_pillars_becter
D:7:      nicolae_gozag_seed_capital
D:9:      uniq_joseph
D:10:     uniq_erica, uniq_maurice
D:11:     lair_entry_dummy, serial_shops, nicolae_shop_waterfront,
          hangedman_little_slice_of_home, minmay_misc_feat_ornament
Temple:   kilobyte_greek_temple
Lair:1:   grunt_megastairs_2
Lair:3:   wad_woods_stonehenge, elwin_shoals_entry_rocks
Lair:4:   beast_lair_carwin_large_4, lemuel_fruit_tree, uniq_harold, uniq_urug,
          uniq_nergalle
Lair:5:   serial_bayou_shore_b, minmay_lair_oklob_chamber
Lair:6:   gammafunk_lair_ancient_temple, dpeg_slime_entry_enclosed_altar,
          uniq_kirke

Skill      XL: |  1  2  3  4  5  6  7  8  9 10 11 12 13 14 |
---------------+-------------------------------------------+-----
Maces & Flails | 2 3 4 5 6 7 9 10 11 | 11.2
Shields        | 3 4 5 7 8 9 10 | 10.9
Fighting       | 3 4 5 6 8 9 10 11 | 11.2
Armour         | 3 4 5 6 7 8 9 10 | 10.3
Invocations    | 3 5 6 |  6.5
Dodging        | 1 4 |  4.9

Action                   |  1- 3 |  4- 6 |  7- 9 | 10-12 | 13-15 || total
-------------------------+-------+-------+-------+-------+-------++-------
Melee: Flail             |   116 |   197 |   114 |       |       ||   427
       Bite              |    28 |    66 |    84 |   270 |   236 ||   684
       Morningstar       |       |       |   110 |   590 |   393 ||  1093
Throw: Throwing net      |       |       |     1 |       |       ||     1
Invok: Slouch            |       |       |       |       |     1 ||     1
Evoke: Wand              |       |       |     3 |       |       ||     3
  Use: Scroll            |       |       |    13 |     6 |     5 ||    24
 Stab: Held in net/web   |       |       |     1 |       |       ||     1
  Eat: Chunk             |     2 |     7 |     4 |     9 |     6 ||    28
       Royal jelly       |       |       |     1 |     1 |       ||     2
       Meat ration       |       |       |       |     1 |       ||     1
       Pizza             |       |       |       |     1 |       ||     1
Armor: Scale mail        |    77 |    89 |    71 |       |       ||   237
       Chain mail        |       |       |    92 |   374 |   214 ||   680
Dodge: Dodged            |    28 |    50 |    89 |   214 |   219 ||   600
Block: Shield            |    84 |   103 |   185 |   611 |   433 ||  1416
